 Seeded DCSS version 0.28-a0-595-g9f6c0e134a (webtiles) character file.

Game seed: 20211004 (custom seed)

3644 a11behringer the Spear-Bearer (level 9, -8/82 HPs)
             Began as a Minotaur Berserker on Oct 4, 2021.
             Was a Priest of Trog.
             Mangled by a death yak (17 damage)
             ... on level 7 of the Dungeon on Oct 5, 2021.
             The game lasted 00:29:12 (6030 turns).

a11behringer the Spear-Bearer (Minotaur Berserker)  Turns: 6030, Time: 00:29:13

Health: -8/82      AC: 16    Str: 22    XL:     9   Next: 88%
Magic:  8/8        EV: 12    Int:  4    God:    Trog [***...]
Gold:   381        SH:  0    Dex: 13    Spells: 8/8 levels left

rFire   . . .      SeeInvis .   E - +4 spear (freeze)
rCold   . . .      Faith    .   (no shield)
rNeg    + . .      Spirit   .   f - +2 robe {rN+}
rPois   .          Reflect  .   h - +2 hat
rElec   .          Harm     .   s - +2 cloak
rCorr   .          Rampage  .   (no gloves)
Will    ++...                   p - +2 pair of boots
Stlth   +.........              (no amulet)
HPRegen 1.23/turn               w - +4 ring of protection
MPRegen 0.11/turn               (no ring)

@: strong-willed, regenerating
A: horns 2, retaliatory headbutt
a: Renounce Religion, Berserk, Trog's Hand


You were on level 7 of the Dungeon.
You worshipped Trog.
Trog was most pleased with you.
You visited 2 branches of the dungeon, and saw 9 of its levels.

You collected 381 gold pieces.

Inventory:

Hand Weapons
 a - a +0 spear
 k - a +0 hand crossbow
 r - a +1 spear of flaming
 z - a +2 short sword of speed
 C - a +1 scythe of venom
 E - a +4 spear of freezing (weapon)
 K - the +5 hunting sling "Igisuesh" {vorpal, Will+ Int+2}
   (You found it on level 7 of the Dungeon)

   Any ammunition fired from it inflicts extra damage upon your enemies.
   Int:       It affects your intelligence (+2).
   Will:      It increases your willpower.
Missiles
 o - 62 bolts
 F - a throwing net (quivered)
 M - 28 sling bullets
Armour
 b - a +0 animal skin
 e - a +0 chain mail
 f - a +2 robe of positive energy (worn)
 h - a +2 hat (worn)
 p - a +2 pair of boots (worn)
 s - a +2 cloak (worn)
 G - a +0 ring mail
 H - a +0 plate armour
Jewellery
 q - a ring of ice
 w - a +4 ring of protection (left hand)
Wands
 u - a wand of paralysis (7)
Scrolls
 i - a scroll of teleportation
 j - a scroll of vulnerability {unknown}
 l - 2 scrolls of noise
 x - a scroll of fear {unknown}
 y - 4 scrolls of enchant armour {unknown}
 A - a scroll of silence
 D - a scroll of magic mapping {unknown}
 L - a scroll of amnesia {unknown}
Potions
 c - 2 potions of might
 d - 2 potions of curing
 g - 3 potions of berserk rage
 m - a potion of ambrosia {unknown}
 n - 4 potions of heal wounds
 t - a potion of lignification {unknown}
 v - 2 potions of flight
 B - 2 potions of mutation
 I - a potion of cancellation {unknown}
 J - a potion of attraction {unknown}


   Skills:
 * Level 8.8 Fighting
 - Level 14.1 Polearms
 - Level 3.9 Crossbows
 * Level 3.9 Armour
 - Level 2.1 Dodging


You had 8 spell levels left.
You didn't know any spells.
Your spell library was empty.

Dungeon Overview and Level Annotations

Branches:
Dungeon (8/15)             Temple (1/1) D:5            Lair (0/6) D:8

Altars:
Ashenzari
Dithmenos
Gozag
Hepliaklqana
Kikubaaqudgha
Makhleb
Nemelex Xobeh
Okawaru
Qazlal
Ru
Sif Muna
Trog
Uskayaw
Vehumet
Xom
Yredelemnul
The Shining One


Innate Abilities, Weirdness & Mutations

You have a pair of horns on your head.
You reflexively headbutt those who attack you in melee.


Message History

Found 13 gold pieces, a shiny bone wand and a yellow potion.
There is a stone staircase leading up here.
An orc priest comes into view. It is wielding a +0 club.
The orc priest shouts!
The orc wizard gestures at you while chanting.
The magic dart hits you but does no damage.
You puncture the orc priest! You freeze the orc priest.
You kill the orc priest!
Trog accepts your kill.
The orc priest invokes the aid of Beogh against you.
Beogh smites you!
A white imp comes into view.
The orc warrior hits you with a +0 war axe.
You see here a +0 hand axe.
The death yak barely misses you. The death yak closely misses you.
The orc wizard misses you. The death yak completely misses you.
There is a stone staircase leading up here.
You can't go down here!
The white imp shouts!
The death yak gores you! The orc wizard closely misses you.
The death yak gores you.
You climb upwards.
There is a stone staircase leading down here.
Unknown command.
You can't go up here!
Your skin crawls.
You feel strong-willed.
You can no longer call in reinforcements.
The death yak gores you!
The orc wizard hits you but does no damage.
The death yak gores you!
* * * LOW HITPOINT WARNING * * *
You barely miss the orc wizard. The death yak gores you!
* * * LOW HITPOINT WARNING * * *
The orc wizard hits you but does no damage.
You hit the orc wizard. You freeze the orc wizard.
Your headbutt misses the orc wizard.
The orc wizard is moderately wounded.
The death yak gores you!
You die...

#.#.####.................#
#.....##....#....####....#
..##...............#######
#.........#....#...#
.......).....###...#
#.#.......#.## #...#
..#.....(...####...#
..#.<..........oY..#
.)...........###@Y.#
#.#...........##...#
...............#####
...............#
...............#
..###[##.......#######
..##[[[#.............#
..##.).#.............#
...#####.......#.....####


You could see 2 death yaks and an orc wizard.

Vanquished Creatures
  A death yak (D:7)
  Pikel (D:5)
  Sigmund (D:5)
  Menkaure (D:4)
  Duvessa (D:6)
  A water moccasin (D:6)
  An ice beast (D:6)
  2 sky beasts
  An orc warrior (D:7)
  3 ogres
  2 centaurs
  A phantom (D:6)
  Blork the orc (D:5)
  A bullfrog (D:7)
  A gnoll sergeant (D:7)
  4 scorpions
  Dowan (D:6)
  4 wights (D:7)
  A howler monkey (D:5)
  2 orc priests
  Crazy Yiuf (D:5)
  A centaur skeleton (D:7)
  Ijyb (D:4)
  2 iguanas
  3 orc wizards
  A hound skeleton (D:5)
  Robin (D:2)
  14 gnolls
  8 adders
  A shadow imp (D:3)
  2 white imps
  An adder zombie (D:5)
  An adder skeleton (D:4)
  2 worms
  3 dart slugs
  15 orcs
  5 bats
  7 endoplasms
  5 giant cockroaches
  14 goblins
  13 hobgoblins
  6 quokkas
  9 ball pythons
  3 frilled lizards
  5 kobolds
  4 rats
159 creatures vanquished.

Vanquished Creatures (others)
  A human (D:6)
  6 fungi (D:5)
  5 toadstools (D:5)
12 creatures vanquished.

Grand Total: 171 creatures vanquished

Notes
Turn   | Place    | Note
-------+----------+-------------------------------------------
     0 | D:1      | a11behringer the Minotaur Berserker began the quest for the
                  | Orb.
     0 | D:1      | Reached XP level 1. HP: 19/19 MP: 0/0
    34 | D:1      | Found a faded altar of an unknown god.
    96 | D:1      | Reached skill level 4 in Polearms
   204 | D:1      | Reached XP level 2. HP: 26/26 MP: 1/1
   579 | D:2      | Reached skill level 5 in Polearms
   610 | D:2      | Reached XP level 3. HP: 30/31 MP: 2/2
   956 | D:2      | Found a hazy altar of Hepliaklqana.
  1114 | D:2      | Reached ** piety under Trog
  1190 | D:2      | Noticed Robin
  1209 | D:2      | Reached XP level 4. HP: 39/39 MP: 3/3
  1215 | D:2      | Reached skill level 6 in Polearms
  1224 | D:2      | Killed Robin
  1586 | D:3      | Reached skill level 7 in Polearms
  1586 | D:3      | Reached XP level 5. HP: 42/45 MP: 4/4
  1842 | D:3      | Reached *** piety under Trog
  1988 | D:4      | Reached skill level 8 in Polearms
  1988 | D:4      | Reached XP level 6. HP: 47/51 MP: 5/5
  2018 | D:4      | Noticed Ijyb
  2023 | D:4      | Paralysed by Ijyb for 7 turns
  2036 | D:4      | Killed Ijyb
  2129 | D:4      | Noticed Menkaure
  2146 | D:4      | Killed Menkaure
  2147 | D:4      | Reached skill level 9 in Polearms
  2266 | D:4      | Noticed a sky beast
  2274 | D:4      | Killed a sky beast
  2275 | D:4      | Reached XP level 7. HP: 57/57 MP: 6/6
  2415 | D:5      | Entered Level 5 of the Dungeon
  2527 | D:5      | Found a hazy altar of Hepliaklqana.
  2527 | D:5      | Found a radiant altar of Vehumet.
  2552 | D:5      | Noticed Blork the orc
  2561 | D:5      | Killed Blork the orc
  2562 | D:5      | Reached skill level 10 in Polearms
  2648 | D:5      | Noticed Pikel
  2661 | D:5      | Killed Pikel
  2662 | D:5      | Reached skill level 12 in Polearms
  2662 | D:5      | Reached XP level 8. HP: 64/64 MP: 7/7
  2861 | D:5      | Found a staircase to the Ecumenical Temple.
  2915 | Temple   | Entered the Ecumenical Temple
  3130 | D:5      | Noticed Sigmund
  3137 | D:5      | Killed Sigmund
  3182 | D:5      | Reached skill level 13 in Polearms
  3329 | D:5      | Found a runed translucent door.
  3329 | D:5      | Noticed Crazy Yiuf
  3332 | D:5      | Killed Crazy Yiuf
  3873 | D:6      | Reached skill level 14 in Polearms
  4180 | D:6      | Noticed Dowan
  4181 | D:6      | Noticed Duvessa
  4199 | D:6      | Killed Duvessa
  4200 | D:6      | Reached skill level 1 in Crossbows
  4200 | D:6      | Reached XP level 9. HP: 71/71 MP: 8/8
  4202 | D:6      | Killed Dowan
  4210 | D:6      | Found an ancient bone altar of Kikubaaqudgha.
  4306 | D:6      | Reached skill level 5 in Fighting
  4713 | D:7      | Reached **** piety under Trog
  5152 | D:7      | Identified the +5 hunting sling "Igisuesh" {vorpal, Will+
                  | Int+2}
  5237 | D:8      | Noticed a death yak
  5239 | D:8      | Found a staircase to the Lair.
  5241 | D:8      | Noticed a death yak
  5241 | D:8      | Noticed a death yak
  5241 | D:8      | Noticed a death yak
  5241 | D:8      | Noticed a death yak
  5268 | D:7      | Killed a death yak
  6030 | D:7      | Mangled by a death yak

Illustrated notes

Levels and vault maps discovered:
D:1:      mrwooster_arrival_statue_2, layout_loops_ring,
          ebering_ecumenical_altar_webs, kennysheep_crisscross, st_stairs_3
D:2:      layout_basic, basic_altar, uniq_robin
D:3:      layout_rooms
D:4:      layout_basic, uniq_menkaure, uniq_ijyb
D:5:      layout_gridville, gammafunk_temple_overflow_wave,
          minmay_temple_entry_stoned_glass, minmay_gold_behind_fungi,
          uniq_sigmund, uniq_blork_the_orc, uniq_crazy_yiuf_cottage, uniq_pikel
D:6:      layout_cave_pools, tgw_kikubaaqudgha, uniq_duvessa
D:7:      layout_rooms, eino_curves_04, sigmund_army
D:8:      layout_cave_pools, minmay_overflow_temple_star_quad,
          dpeg_lair_monsters
Temple:   eino_narrow_crystal_temple

Skill      XL: |  1  2  3  4  5  6  7  8  9 |
---------------+----------------------------+-----
Polearms       | 4 5 7 8 9 12 14 | 14.1
Fighting       | 4 8 |  8.8
Crossbows      | 1 3 |  3.9
Armour         | 3 |  3.9
Dodging        | |  2.1

Action                   |  1- 3 |  4- 6 |  7- 9 || total
-------------------------+-------+-------+-------++-------
Melee: Spear             |    58 |   151 |   262 ||   471
       Headbutt          |    16 |    28 |    57 ||   101
Invok: Trog's Hand       |     1 |     2 |     7 ||    10
       Berserk           |     1 |     1 |     4 ||     6
  Use: Scroll            |     1 |     5 |     3 ||     9
Armor: Robe              |    24 |    56 |    77 ||   157
Dodge: Dodged            |    41 |    81 |   113 ||   235

Table legend: (Time is in decaauts)
 A = Elapsed time spent in this place.
 B = Non-inter-level travel time spent in this place.
 C = Inter-level travel time spent in this place.
 D = Time resting spent in this place.
 E = Time spent auto-exploring this place.
 F = Levels seen in this place.
 G = Mean time per level.
                   A        B        C        D        E       F      G
               +--------+--------+--------+--------+--------+-----+--------+
         Total |   5925 |   4703 |   1222 |      0 |   3722 |   9 |  658.3 |
       Dungeon |   5751 |   4541 |   1210 |      0 |   3568 |   8 |  718.9 |
        Temple |    173 |    161 |     12 |      0 |    154 |   1 |  173.0 |
               +--------+--------+--------+--------+--------+-----+--------+

Top non-repeatable levels by time:
     D:5: 1435 daAuts
     D:7: 1098 daAuts
     D:2: 861 daAuts
     D:6: 808 daAuts
     D:1: 565 daAuts
     D:3: 516 daAuts
     D:4: 443 daAuts
  Temple: 173 daAuts
     D:8: 22 daAuts
